 Dungeon Crawl Stone Soup version 0.27-a0-1137-g3ef0f4ec91 (webtiles) character file.

Game seed: 12448790794889763780

25640 crabbyslav the Destroyer (level 12, 0/99 HPs)
             Began as a Demonspawn Venom Mage on May 6, 2021.
             Was an Initiate of Gozag.
             Killed by the air
             ... invoked by Sonja the wind drake
              (16 damage)
             ... on level 3 of the Lair of Beasts.
             The game lasted 00:29:08 (22067 turns).

crabbyslav the Destroyer (Demonspawn Venom Mage)   Turns: 22067, Time: 00:29:09

Health: 0/99       AC: 15    Str:  9    XL:     12   Next: 91%
Magic:  0/26       EV: 16    Int: 20    God:    Gozag
Gold:   2576       SH:  0    Dex: 15    Spells: 18/31 levels left

rFire    + . .     SeeInvis .   j - +5 dagger (drain)
rCold    . . .     Faith    .   (no shield)
rNeg     + + +     Spirit   +   o - +0 steam dragon scales
rPois    +         Reflect  .   (helmet unavailable)
rElec    .         Harm     .   d - +0 cloak
rCorr    +         Rampage  .   L - +1 pair of gloves
Will     .....                  E - +0 pair of boots of the Swan {rPois}
Stlth    +++.......             u - amulet "Upeczett" {Spirit *Slow rN+++ rCorr Stlth+}
HPRegen  0.26/turn              x - ring of protection from fire
MPRegen  0.20/turn              q - +4 ring of evasion

@: about to teleport, gold aura, sanguine armoured
A: horns 3, foul stench 2, sanguine armour 1
a: Renounce Religion, Potion Petition, Call Merchant, Bribe Branch


You were on level 3 of the Lair of Beasts.
You worshipped Gozag.
Gozag was most pleased with you.
You visited 3 branches of the dungeon, and saw 15 of its levels.
You also visited: Volcano.

You collected 2660 gold pieces.
You paid 84 gold pieces to Gozag.

Inventory:

Hand Weapons
 j - a +5 dagger of draining (weapon)
 k - a +0 vorpal scimitar
Missiles
 z - 5 curare-tipped darts
 M - 2 throwing nets
Armour
 d - a +0 cloak (worn)
 o - +0 steam dragon scales (worn)
 p - +0 ice dragon scales
 E - the +0 pair of boots of the Swan (worn) {rPois}
   (You found it on level 9 of the Dungeon)

   It protects you from poison.
 L - a +1 pair of gloves (worn)
Jewellery
 g - an amulet of the acrobat
 q - a +4 ring of evasion (right hand)
 t - a ring of see invisible
 u - the amulet "Upeczett" (around neck) {Spirit *Slow rN+++ rCorr Stlth+}
   (You acquired it in a volcano)

   [amulet of guardian spirit]

   It causes incoming damage to be divided between your reserves of health and
   magic.
   It renders you almost immune to negative energy.
   It protects you from acid and corrosion.
   It may slow you when you take damage.
   It makes you more stealthy.
 x - a ring of protection from fire (left hand)
Wands
 v - a wand of iceblast (2)
 y - a wand of polymorph (6)
 C - a wand of flame (43)
 G - a wand of digging (1)
 P - a wand of mindburst (17)
Scrolls
 a - 2 scrolls of teleportation
 b - a scroll of amnesia
 c - 3 scrolls of immolation
 e - 13 scrolls of identify
 f - 4 scrolls of magic mapping
 h - 5 scrolls of noise
 l - a scroll of holy word
 n - a scroll of torment
 r - a scroll of enchant weapon
 B - a scroll of brand weapon
 N - a scroll of fear
 Q - a scroll of silence
Potions
 s - 2 potions of haste {unknown}
 w - a potion of degeneration {unknown}
 A - a potion of resistance
 F - 2 potions of flight
 H - a potion of heal wounds {unknown}
 K - a potion of invisibility {unknown}
 O - a potion of brilliance {unknown}


   Skills:
 + Level 10.9 Fighting
 - Level 1.7 Dodging
 - Level 1.7 Stealth
 + Level 10.2 Spellcasting
 * Level 11.3 Conjurations
 - Level 0.8 Transmutations
 - Level 3.0 Air Magic
 - Level 10.8 Poison Magic


You had 18 spell levels left.
You knew the following spells:

 Your Spells              Type           Power      Damage    Failure   Level
a - Sting                 Tmut/Pois      100%       1d8       1%          1
b - Poisonous Vapours     Pois/Air       74%        N/A       1%          2
c - Ignite Poison         Fire/Tmut/Pois 25%        N/A       4%          3
d - Olgreb's Toxic Radia  Pois           52%        N/A       1%          4
e - Mephitic Cloud        Conj/Pois/Air  43%        N/A       1%          3

Your spell library contained the following spells:

 Spells                   Type           Power      Damage    Failure   Level
 Magic Dart               Conj           100%       1d8       1%          1
 Conjure Flame            Conj/Fire      32%        6-21      1%          3
 Stone Arrow              Conj/Erth      64%        3d11      1%          3
 Sandblast                Erth           20%        2d7       7%          1
 Summon Small Mammal      Summ           40%        N/A       7%          1
 Passwall                 Tmut/Erth      9%         N/A       9%          2
 Blink                    Tloc           N/A        N/A       11%         2
 Call Imp                 Summ           10%        N/A       11%         2
 Slow                     Hex            10%        N/A       11%         2
 Call Canine Familiar     Summ           10%        N/A       21%         3
 Summon Guardian Golem    Hex/Summ       10%        N/A       21%         3
 Summon Lightning Spire   Summ/Air       16%        N/A       36%         4
 Petrify                  Tmut/Erth      11%        N/A       50%         4
 Cause Fear               Hex            5%         N/A       56%         4
 Summon Ice Beast         Ice/Summ       10%        N/A       56%         4
 Silence                  Hex/Air        8%         N/A       71%         5
 Yara's Violent Unravell  Hex/Tmut       5%         3d4       85%         5
 Lee's Rapid Deconstruct  Erth           5%         3d7*      88%         5
 Discord                  Hex            5%         N/A       100%        8


Dungeon Overview and Level Annotations

Branches:
Dungeon (11/15)            Temple (1/1) D:5            Lair (3/6) D:11
  Swamp (0/4) Lair:2          Orc (0/2) D:9         Volcano (visited)
  Snake: Lair:2-4    Spider: Lair:2-4

Altars:
Ashenzari
Cheibriados
Dithmenos
Elyvilon
Fedhas
Gozag
Hepliaklqana
Kikubaaqudgha
Makhleb
Nemelex Xobeh
Okawaru
Qazlal
Ru
Sif Muna
Trog
Uskayaw
Vehumet
Wu Jian
Xom
Yredelemnul
Zin
The Shining One

Shops:
D:3 (   D:10 (   D:11 *

Annotations:
D:6 3 runed translucent doors, glosham's ghost, weakling DjDe
Lair:2 1 runed translucent door, Tedisan's ghost, journeyman KoCj
Lair:3 Sonja


Innate Abilities, Weirdness & Mutations

You have a pair of large horns on your head.
You sometimes emit foul miasma when damaged in melee.
When seriously injured, your bleeding wounds create armour. (AC +6)


Message History

You kill the seven-headed hydra!
Aiming: Polymorph
Press: ? - help, Shift-Dir - straight line, f - you That beam is likely to hit you.
Continue anyway?
Okay, then.
Really walk into that cloud of flame?
Okay, then.
Okay, then.
Sonja casts a spell.
Sonja blinks!
Aiming: Polymorph
Press: ? - help, Shift-Dir - straight line, f - Sonja
Aim: Sonja, wielding a +2 dagger of distortion and quivering curare-tipped darts (will become a wind drake, an acid dragon, or a black mamba, chance to affect: 54%) Sonja resists with significant effort.
Sonja throws a curare-tipped dart.
The curare-tipped dart hits you.
Aiming: Polymorph
Press: ? - help, Shift-Dir - straight line, f/p - Sonja
Aim: Sonja, wielding a +2 dagger of distortion and quivering curare-tipped darts (will become a wind drake, an acid dragon, or a black mamba, chance to affect: 54%) Sonja resists with significant effort.
Sonja throws a curare-tipped dart.
The curare-tipped dart hits you.
Aiming: Polymorph
Press: ? - help, Shift-Dir - straight line, f/p - Sonja
Aim: Sonja, wielding a +2 dagger of distortion and quivering curare-tipped darts (will become a wind drake, an acid dragon, or a black mamba, chance to affect: 54%) Sonja resists with significant effort.
Sonja becomes distracted by the nearby gold, dreaming of imaginary riches.
Aiming: Polymorph
Press: ? - help, Shift-Dir - straight line, f/p - Sonja
Aim: Sonja, wielding a +2 dagger of distortion and quivering curare-tipped darts (unaware, hasn't noticed you, will become a wind drake, an acid dragon, or a black mamba, chance to affect: 54%) Sonja is no longer distracted by gold.
Sonja shouts!
Sonja evaporates and reforms as a wind drake!
Sonja flaps its wings at you. The air twists around and strikes you!!
* * * LOW HITPOINT WARNING * * *
As you read the scroll of teleportation, it crumbles to dust.
You feel strangely unstable. Sonja flaps its wings at you.
The air twists around and strikes you!!
You die...
Your body crumbles into a pile of gold.

.......<.# #..........
.........####.P)......
..........#..#..k.....
........(###..........
.........P..........##
###.........P....##.#
...............#...#
##.......$.#...##.##
####.........@........#
##.##P..................#
##..................(P..##
##.....................PP.
#.........$...........P.P.
##......................##
####.##........P........#
.######.......P##.......P#
...D........[..PP..#...###


You could see Sonja the wind drake.

Vanquished Creatures
  A boulder beetle (D:11)
  2 hydras
  4 two-headed ogres
  Nergalle (Lair:1)
  A cyclops (D:11)
  3 black mambas
  Maggie (D:7)
  3 cane toads
  2 unseen horrors
  A rime drake (Lair:2)
  2 komodo dragons
  Psyche (D:8)
  2 trolls
  A polar bear (Lair:3)
  3 wraiths
  2 shadows (D:11)
  A wyvern (D:10)
  Eustachio (D:4)
  49 yaks
  5 fire bats (Volcano)
  2 steam dragons
  Grum (D:8)
  4 vampire mosquitoes
  An acid dragon (D:10)
  2 water moccasins (Lair:1)
  10 orc warriors
  A hornet zombie (D:7)
  A sky beast (D:4)
  2 ice beasts
  7 wolves
  2 ogres
  2 centaurs
  6 kobold brigands
  A phantom (D:7)
  9 bullfrogs
  A gnoll sergeant (D:11)
  2 scorpions
  A wyvern zombie (D:8)
  A wyvern skeleton (D:6)
  7 killer bees (D:9)
  7 wights
  4 howler monkeys
  3 electric eels (D:9)
  6 lava snakes (Volcano)
  3 centaur zombies
  A hound (D:4)
  2 jellies
  8 orc priests
  A centaur skeleton (D:6)
  A gnoll shaman (D:8)
  An iron imp (D:5)
  2 iguanas
  6 orc wizards
  Natasha (D:4)
  2 hound skeletons
  A howler monkey zombie (D:11)
  A mummy (D:11)
  Robin (D:2)
  2 adders
  16 gnolls
  A howler monkey skeleton (D:7)
  A shadow imp (D:7)
  2 ufetubi
  An adder zombie (D:5)
  A worm (D:3)
  An adder skeleton (D:4)
  A dart slug (D:4)
  37 orcs
  4 ball pythons
  8 endoplasms
  2 giant cockroaches
  17 goblins
  10 hobgoblins
  10 jackals
  2 quokkas
  2 bats (D:1)
  2 frilled lizards
  24 kobolds
  A quokka skeleton (D:4)
  2 rats (D:1)
347 creatures vanquished.

Vanquished Creatures (others)
  7 fungi
  12 plants
  15 withered plants
34 creatures vanquished.

Grand Total: 381 creatures vanquished

Notes
Turn   | Place    | Note
-------+----------+-------------------------------------------
     0 | D:1      | crabbyslav the Demonspawn Venom Mage began the quest for
                  | the Orb.
     0 | D:1      | Reached XP level 1. HP: 13/13 MP: 3/3
   559 | D:1      | Gained mutation: You may rarely emit foul miasma when
                  | damaged in melee. [demonic ancestry]
   559 | D:1      | Reached XP level 2. HP: 10/20 MP: 0/5
  1112 | D:1      | Reached skill level 1 in Fighting
  1211 | D:1      | Gained mutation: You have a pair of small horns on your
                  | head. [demonic ancestry]
  1211 | D:1      | Reached XP level 3. HP: 15/26 MP: 2/6
  1214 | D:1      | Learned a level 2 spell: Poisonous Vapours
  1733 | D:2      | Noticed Robin
  2683 | D:2      | Killed Robin
  2684 | D:2      | Gained mutation: You have a pair of horns on your head.
                  | [demonic ancestry]
  2684 | D:2      | Reached XP level 4. HP: 24/32 MP: 0/7
  2825 | D:2      | Learned a level 3 spell: Ignite Poison
  3054 | D:2      | Found a faded altar of an unknown god.
  3387 | D:3      | Found Seim's Antique Weapon Emporium.
  4292 | D:3      | Found a radiant altar of Vehumet.
  4451 | D:4      | Reached XP level 5. HP: 32/38 MP: 0/9
  4655 | D:4      | Noticed a sky beast
  4694 | D:4      | Killed a sky beast
  4695 | D:4      | Reached skill level 1 in Air Magic
  4831 | D:4      | Reached skill level 5 in Poison Magic
  4831 | D:4      | Reached XP level 6. HP: 36/46 MP: 5/10
  4991 | D:4      | Noticed Natasha
  5150 | D:4      | Killed Natasha
  5351 | D:4      | Noticed Natasha
  5353 | D:4      | Identified the +1 robe of Tomorrow {rC+}
  5568 | D:4      | Noticed Eustachio
  5576 | D:4      | Killed Eustachio
  5577 | D:4      | Gained mutation: You have a pair of large horns on your
                  | head. [demonic ancestry]
  5577 | D:4      | Reached XP level 7. HP: 52/52 MP: 2/12
  5805 | D:4      | Found a sacrificial altar of Ru.
  5819 | D:5      | Entered Level 5 of the Dungeon
  5819 | D:5      | Found a staircase to the Ecumenical Temple.
  5829 | Temple   | Entered the Ecumenical Temple
  5967 | D:5      | Found a shadowy altar of Dithmenos.
  6437 | D:5      | Noticed Grinder
  6438 | D:5      | Noticed Grinder
  6438 | D:5      | Grinder changed into Grinder the iron imp
  6450 | D:5      | Killed Grinder the iron imp
  6535 | D:5      | Learned a level 4 spell: Olgreb's Toxic Radiance
  7334 | D:6      | Found a runed translucent gate.
  7334 | D:6      | Found a runed translucent gate.
  7334 | D:6      | Found a runed translucent gate.
  7338 | D:6      | Noticed glosham's ghost (weakling DjDe)
  7654 | D:6      | Noticed a steam dragon
  7668 | D:6      | Killed a steam dragon
  7669 | D:6      | Gained mutation: When seriously injured, your bleeding
                  | wounds create armour. (AC +6) [demonic ancestry]
  7669 | D:6      | Reached XP level 8. HP: 20/60 MP: 1/14
  8940 | D:7      | Reached skill level 5 in Spellcasting
  9016 | D:7      | Learned a level 3 spell: Mephitic Cloud
  9134 | D:7      | Noticed Maggie
  9155 | D:7      | Killed Maggie
  9156 | D:7      | Reached skill level 5 in Fighting
  9619 | D:7      | Reached XP level 9. HP: 61/68 MP: 8/17
  9860 | Temple   | Became a worshipper of Gozag Ym Sagoz the Greedy
 10021 | D:7      | Noticed a troll
 10031 | D:7      | Killed a troll
 10337 | D:7      | Found a hazy altar of Hepliaklqana.
 10343 | D:7      | Found a hide-covered altar of Uskayaw.
 10348 | D:7      | Found a burning altar of Makhleb.
 10921 | D:8      | Noticed Psyche
 10922 | D:8      | Noticed Grum
 10925 | D:8      | Killed Psyche
 10925 | D:8      | Killed Grum
 10974 | D:8      | Reached skill level 10 in Poison Magic
 11149 | D:8      | Noticed an unseen horror
 11154 | D:8      | Killed an unseen horror
 12185 | D:9      | Noticed a two-headed ogre
 12189 | D:9      | Gained mutation: You sometimes emit foul miasma when
                  | damaged in melee. [demonic ancestry]
 12189 | D:9      | Reached XP level 10. HP: 77/77 MP: 7/20
 12212 | D:9      | Noticed a two-headed ogre
 12221 | D:10     | Entered Level 10 of the Dungeon
 12428 | D:10     | Found a blossoming altar of Fedhas.
 12430 | D:10     | Found an ancient bone altar of Kikubaaqudgha.
 12570 | D:10     | Found Saphitt's Weapon Emporium.
 13013 | D:10     | Found a stormy altar of Qazlal.
 13028 | D:10     | Found a shimmering blue altar of Sif Muna.
 13041 | D:10     | Found a sparkling altar of Nemelex Xobeh.
 13206 | D:10     | Reached skill level 1 in Conjurations
 13731 | D:10     | Reached skill level 2 in Conjurations
 13732 | D:10     | Reached skill level 3 in Conjurations
 13969 | D:9      | Reached skill level 4 in Conjurations
 14084 | D:9      | Killed a two-headed ogre
 14085 | D:9      | Reached skill level 5 in Conjurations
 14094 | D:9      | Killed a two-headed ogre
 14095 | D:9      | Reached XP level 11. HP: 58/87 MP: 3/23
 14891 | D:9      | Reached skill level 6 in Conjurations
 15360 | D:9      | Noticed a two-headed ogre
 15365 | D:9      | Killed a two-headed ogre
 15386 | D:9      | Identified the +0 pair of boots of the Swan {rPois}
 15709 | D:9      | Reached skill level 7 in Conjurations
 16022 | D:9      | Found a staircase to the Orcish Mines.
 16121 | D:9      | Found an ornate altar of the Wu Jian Council.
 16252 | D:11     | Found a staircase to the Lair.
 16259 | D:11     | Noticed a two-headed ogre
 16278 | D:11     | Killed a two-headed ogre
 16607 | D:11     | Noticed a boulder beetle
 16618 | D:11     | Killed a boulder beetle
 16619 | D:11     | Reached skill level 8 in Conjurations
 17578 | D:11     | Found Jinonyhe's General Store.
 17913 | Lair:1   | Entered Level 1 of the Lair of Beasts
 18004 | Lair:1   | Reached skill level 9 in Conjurations
 18004 | Lair:1   | Reached XP level 12. HP: 97/97 MP: 19/25
 18590 | Lair:1   | Reached skill level 10 in Fighting
 18841 | Lair:1   | Noticed Nergalle
 18853 | Lair:1   | Killed Nergalle
 18854 | Lair:1   | Reached skill level 10 in Conjurations
 19426 | Lair:2   | Found a staircase to the Swamp.
 20001 | Lair:2   | Reached skill level 10 in Spellcasting
 20200 | Lair:2   | Noticed a six-headed hydra
 20210 | Lair:2   | Killed a six-headed hydra
 20413 | Lair:2   | Reached skill level 11 in Conjurations
 20701 | Lair:2   | Found a runed translucent door.
 20704 | Lair:2   | Noticed Tedisan's ghost (journeyman KoCj)
 21191 | Lair:3   | Found a dark tunnel.
 21218 | Volcano  | Entered a volcano
 21689 | Volcano  | Identified a scroll of acquirement
 21689 | Volcano  | Acquired the amulet "Upeczett" {Spirit *Slow rN+++ rCorr
                  | Stlth+}
 22034 | Lair:3   | Noticed a seven-headed hydra
 22057 | Lair:3   | Noticed Sonja
 22060 | Lair:3   | Killed a seven-headed hydra
 22066 | Lair:3   | Noticed Sonja
 22066 | Lair:3   | Sonja changed into Sonja the wind drake
 22067 | Lair:3   | Killed from afar by Sonja the wind drake

Illustrated notes

Levels and vault maps discovered:
D:1:      amcnicky_arrival_choice, layout_basic, serial_park_tiny_1,
          st_stairs_14, feat_on_display
D:2:      layout_loops_ring, shapermc_ecumenical_altar_mp_vishouse, uniq_robin
D:3:      layout_loops_ring, lemuel_coloured_pillars_altar, serial_shops,
          nicolae_shop_overgrown_old_shop
D:4:      layout_cave_pools, nicolae_ru_path_of_blood,
          nicolae_ossuary_entry_monument, grunt_ministairs_10, uniq_natasha,
          uniq_eustachio
D:5:      layout_loops_cross, grunt_dithmenos_smoke, minmay_temple_entry_tees,
          uniq_grinder
D:6:      layout_basic, gammafunk_ghost_nasty_kobolds, interstate_on_off,
          hangedman_abyss_or_decor_passed
D:7:      layout_basic, minmay_overflow_temple_star_quad, uniq_maggie
D:8:      layout_basic, chequers_garden, uniq_psyche, uniq_grum
D:9:      layout_cave_pools, general_overflow_altar, erik_orc_2,
          minmay_quadrilaterals
D:10:     layout_loops_ring, grunt_temple_overflow_growth_and_decay,
          grunt_qazlal_clouds, kennysheep_little_box, amcnicky_altar_gilded,
          serial_shops, shop, minmay_tree_intersection, hangedman_decor_lopped,
          minmay_misc_feat_doors
D:11:     layout_loops_cross, dpeg_oklobed_lair, serial_undead, serial_undead_f,
          serial_undead_f, serial_undead_f, serial_undead_c, serial_undead_e,
          serial_undead_b, serial_shops, nicolae_shop_waterfront
Temple:   compressed_dpeg_circular_temple
Lair:1:   layout_regular_city, grunt_megastairs_1, uniq_nergalle
Lair:2:   layout_cave_pods, minmay_swamp_entry_swarm,
          hellmonk_ghost_happy_afterlife, lemuel_fruit_tree
Lair:3:   layout_cave_shapes, enter_volcano_1, uniq_sonja

Skill      XL: |  1  2  3  4  5  6  7  8  9 10 11 12 |
---------------+-------------------------------------+-----
Fighting       | 1 2 3 4 5 6 8 9 10 | 10.9
Poison Magic   | 4 5 7 8 10 | 10.8
Spellcasting   | 3 4 5 6 8 9 10 | 10.2
Air Magic      | 1 2 3 |  3.0
Conjurations   | 5 9 11 | 11.3
Dodging        | |  1.7
Stealth        | |  1.7
Transmutations | |  0.8

Action                   |  1- 3 |  4- 6 |  7- 9 | 10-12 || total
-------------------------+-------+-------+-------+-------++-------
Melee: Unarmed           |    10 |       |       |       ||    10
       Club              |     9 |       |       |       ||     9
       Headbutt          |     1 |     5 |    17 |    26 ||    49
       Dagger            |       |    38 |    99 |   141 ||   278
 Cast: Sting             |    54 |    29 |    54 |    48 ||   185
       Poisonous Vapours |    11 |    57 |    72 |   112 ||   252
       Ignite Poison     |       |       |    12 |    61 ||    73
       Olgreb's Toxic Ra |       |       |    13 |    51 ||    64
       Mephitic Cloud    |       |       |     5 |    20 ||    25
Evoke: Wand              |       |       |     2 |    19 ||    21
  Use: Potion            |       |       |     6 |     2 ||     8
       Scroll            |       |       |       |    15 ||    15
 Stab: Sleeping          |       |       |       |     1 ||     1
       Distracted        |       |       |       |     1 ||     1
Armor: Robe              |     5 |     5 |    26 |    20 ||    56
       Leather armour    |     2 |    27 |       |       ||    29
       Skin              |       |       |    24 |       ||    24
       Steam dragon scal |       |       |       |    81 ||    81
Dodge: Dodged            |    41 |    66 |   102 |   381 ||   590

Table legend: (Time is in decaauts)
 A = Elapsed time spent in this place.
 B = Non-inter-level travel time spent in this place.
 C = Inter-level travel time spent in this place.
 D = Time resting spent in this place.
 E = Time spent auto-exploring this place.
 F = Levels seen in this place.
 G = Mean time per level.
                   A        B        C        D        E       F      G
               +--------+--------+--------+--------+--------+-----+--------+
         Total |  22088 |  21568 |    520 |   5822 |  12635 |  16 | 1380.5 |
       Dungeon |  17629 |  17185 |    444 |   4802 |   9928 |  11 | 1602.6 |
        Temple |    299 |    255 |     44 |    100 |     94 |   1 |  299.0 |
          Lair |   3426 |   3395 |     31 |    620 |   2418 |   3 | 1142.0 |
       Volcano |    732 |    732 |      0 |    300 |    195 |   1 |  732.0 |
               +--------+--------+--------+--------+--------+-----+--------+

Top non-repeatable levels by time:
     D:9: 2323 daAuts
     D:7: 1771 daAuts
     D:8: 1747 daAuts
  Lair:2: 1738 daAuts
    D:10: 1712 daAuts
    D:11: 1697 daAuts
     D:1: 1663 daAuts
  Lair:1: 1505 daAuts
     D:6: 1458 daAuts
     D:3: 1455 daAuts
     D:2: 1432 daAuts
     D:4: 1279 daAuts
     D:5: 1088 daAuts
 Volcano: 732 daAuts
  Temple: 299 daAuts
